Map: King's Cove LE

Players

Seither

  • Race: Terran Terran
  • Spawn Location: 11:00

iGCoffeeMs (Coffee) - Winner!

  • Race: Terran Terran
  • League: Grandmaster
  • Spawn Location: 5:00

Event: 2019 WCS Winter Americas

VOD

Have the link to the VOD?

Description

Time

  • Played on: Feb. 9, 2019, 12:47 p.m.
  • Length: 13:46

All games in this series

Show
View Real Time Build Order
Export as new Build Order

Seither Terran 

Build Orders: Mech 

Get SALT Encoding   

  12  0:00  SCV  
  13  0:13  SCV  
  14  0:18  Supply Depot  
  14  0:25  SCV  
  15  0:29  Refinery  
  15  0:39  SCV  
  16  0:46  Barracks  
  16  0:52  SCV  
  16  0:56  Refinery  
  17  1:04  SCV  
  18  1:16  SCV  
  19  1:33  Reaper, Orbital Command  
  19  1:39  Factory  
  20  1:48  Supply Depot  
  20  1:59  SCV  
  21  2:05  Reaper  
  22  2:11  SCV  
  25  2:23  SCV, Hellion  
  26  2:35  SCV  
  26  2:36  Command Center  
  27  2:41  Reaper  
  28  2:45  Supply Depot  
  29  2:52  Hellion  
  29  2:54  SCV  
  31  3:02  Starport  
  31  3:06  SCV  
  32  3:14  Factory Tech Lab, Barracks Tech Lab  
  32  3:18  SCV  
  33  3:29  Refinery  
  33  3:30  SCV  
  33  3:32  Cyclone  
  35  3:43  SCV  
  36  3:48  Raven  
  36  3:50  Orbital Command  
  36  3:55  SCV  
  39  4:05  Cyclone  
  39  4:07  SCV  
  43  4:19  SCV  
  40  4:25  SCV  
  38  4:31  SCV  
  38  4:37  SCV  
  38  4:43  SCV  
  39  4:49  SCV, Siege Tank  
  43  4:55  SCV  
  43  4:56  Supply Depot  
  43  4:58  Raven  
  46  5:01  SCV  
  47  5:07  SCV  
  47  5:09  Command Center  
  49  5:14  SCV  
  49  5:18  Supply Depot  
  49  5:19  SCV  
  50  5:25  Liberator  
  50  5:26  Siege Tank  
  53  5:29  Refinery  
  53  5:32  SCV x2  
  55  5:41  Barracks Reactor, Supply Depot  
  58  5:45  SCV  
  58  5:46  SCV  
  60  5:58  SCV x2, Factory  
  60  6:04  Siege Tank  
  65  6:10  SCV x2, Supply Depot  
  67  6:22  SCV x2, Orbital Command  
  67  6:23  Supply Depot  
  69  6:29  Factory  
  69  6:36  SCV x2  
  69  6:39  Siege Tank  
  74  6:46  Viking x2  
  75  6:54  Factory Tech Lab  
  75  6:58  SCV x2  
  75  7:08  SCV  
  75  7:10  SCV  
  75  7:11  Siege Tank  
  80  7:16  Viking x2  
  80  7:17  Factory Reactor  
  80  7:18  SCV  
  80  7:21  SCV  
  83  7:25  Siege Tank  
  86  7:34  SCV x2  
  83  7:44  SCV  
  83  7:45  Supply Depot x2  
  83  7:46  Viking, SCV  
  90  7:51  Siege Tank  
  88  7:58  Viking  
  88  8:02  Siege Tank  
  88  8:03  SCV, Hellion x2  
  88  8:04  SCV  
  99  8:06  Supply Depot x2  
  99  8:20  Refinery x2  
  99  8:21  Viking  
  101  8:28  Viking  
  101  8:31  Hellion x2, Siege Tank  
  107  8:37  Orbital Command  
  101  8:45  Siege Tank  
  102  8:50  SCV x2  
  102  8:51  Viking  
  106  8:57  Hellion  
  110  9:07  Hellion  
  110  9:09  Command Center  
  107  9:16  Siege Tank  
  106  9:22  SCV x2  
  76  9:35  Viking, Hellion x2  
  74  9:43  SCV  
  74  9:44  SCV  
  71  9:48  Siege Tank  
  74  9:58  Barracks Reactor  
  74  9:59  Hellion  
  76  10:01  SCV x2  
  78  10:13  SCV x2  
  80  10:16  Viking x2  
  84  10:22  Orbital Command  
  84  10:26  SCV x2  
  86  10:29  Supply Depot  
  86  10:32  Siege Tank x2  
  83  10:55  Viking x2  
  86  11:05  Hellion  
  85  11:14  Hellion  
  85  11:15  Siege Tank x2  
  82  11:28  SCV  
  82  11:29  SCV  
  85  11:35  Hellion  
  86  11:42  SCV x2  
  86  11:43  Viking x2  
  86  11:46  Orbital Command  
  92  11:48  Engineering Bay  
  92  11:54  SCV x2  
  94  11:55  Refinery  
  94  11:58  Refinery  
  94  12:01  Factory Reactor  
  94  12:05  Siege Tank  
  97  12:11  Siege Tank  
  97  12:13  SCV x2  
  102  12:20  SCV  
  103  12:24  Viking  
  103  12:25  SCV  
  103  12:28  Supply Depot  
  106  12:32  Missile Turret x2  
  106  12:37  Missile Turret  
  106  12:40  Hellion, Siege Tank  
  106  12:41  Hellion  
  106  12:42  SCV x3  
  114  12:47  Siege Tank  
  114  12:49  Armory  
  117  12:54  SCV x2  
  117  12:56  Armory  
  119  13:01  Supply Depot  
  119  13:02  Sensor Tower  
  119  13:03  Viking x2  
  123  13:07  SCV  
  123  13:08  SCV x2  
  120  13:20  Command Center  
Show
View Real Time Build Order
Export as new Build Order

iGCoffeeMs Terran - Winner!

Build Orders: 1/1/1, Liberator Opening 

Get SALT Encoding   

  12  0:00  SCV  
  13  0:13  SCV  
  14  0:18  Supply Depot  
  14  0:25  SCV  
  15  0:29  Refinery  
  15  0:39  SCV  
  16  0:45  Barracks  
  16  0:52  SCV  
  17  0:58  Refinery  
  17  1:04  SCV  
  18  1:16  SCV  
  19  1:32  Reaper, Orbital Command  
  20  1:39  Factory  
  20  1:49  Supply Depot  
  20  1:59  SCV  
  21  2:04  Reaper  
  22  2:11  SCV  
  23  2:23  Hellion  
  23  2:24  Starport  
  23  2:26  SCV  
  26  2:32  Supply Depot  
  26  2:36  Reaper  
  27  2:43  SCV, Liberator  
  27  2:45  Hellion  
  29  2:55  SCV  
  30  3:04  Supply Depot  
  33  3:07  SCV  
  33  3:08  Hellion  
  33  3:11  Barracks Reactor  
  36  3:20  SCV  
  37  3:30  Factory Tech Lab  
  37  3:39  SCV  
  38  3:41  Command Center  
  38  3:45  Starport Tech Lab  
  38  3:50  Cyclone  
  41  3:56  Marine x2  
  43  4:03  Supply Depot  
  43  4:06  Raven  
  43  4:08  SCV  
  44  4:20  SCV  
  44  4:21  Marine x2  
  47  4:30  Siege Tank  
  47  4:32  SCV  
  47  4:44  SCV, Refinery  
  48  4:46  Marine x2  
  49  4:53  Orbital Command  
  49  4:56  SCV  
  50  5:06  Marine x2  
  50  5:07  Raven  
  52  5:08  SCV  
  55  5:19  SCV  
  55  5:20  SCV  
  57  5:22  Refinery, Supply Depot  
  57  5:24  Marine x2  
  57  5:26  Siege Tank  
  62  5:31  SCV  
  62  5:32  SCV  
  64  5:43  SCV  
  64  5:44  SCV  
  66  5:53  Supply Depot  
  66  5:57  SCV x2  
  66  5:58  Siege Tank  
  66  6:00  Viking x2  
  75  6:06  Marine  
  75  6:09  SCV x2  
  78  6:12  Supply Depot  
  78  6:19  Supply Depot  
  78  6:24  Marine  
  79  6:27  SCV x2  
  79  6:30  Viking x2  
  85  6:39  SCV x2  
  78  6:56  SCV  
  78  6:57  Marine  
  78  7:01  Viking x2, Siege Tank  
  84  7:05  SCV  
  84  7:06  Command Center  
  89  7:08  SCV  
  89  7:15  Engineering Bay  
  89  7:17  SCV  
  89  7:18  Engineering Bay  
  87  7:27  Marine  
  87  7:28  SCV  
  87  7:29  SCV  
  90  7:33  Siege Tank  
  93  7:40  Viking  
  95  7:46  Terran Infantry Weapons Level 1  
  95  7:47  Terran Infantry Armor Level 1  
  93  7:59  SCV  
  94  8:06  Marine  
  94  8:07  Siege Tank  
  94  8:08  SCV, Stimpack, Barracks  
  94  8:09  Barracks  
  94  8:11  SCV  
  99  8:18  Orbital Command  
  99  8:21  Barracks  
  99  8:24  SCV x2  
  99  8:25  Barracks  
  99  8:26  Liberator  
  101  8:31  Marine  
  101  8:33  Viking  
  104  8:45  Orbital Command  
  104  8:46  SCV x2, Liberator  
  109  8:58  SCV x2  
  109  9:05  Barracks Reactor  
  109  9:06  Barracks Reactor  
  110  9:11  Barracks Reactor  
  110  9:13  Marauder  
  106  9:23  Marine  
  92  9:25  Siege Tank  
  92  9:28  SCV  
  85  9:34  Marauder  
  78  9:39  Medivac  
  78  9:40  SCV x2  
  78  9:44  Marine x2  
  78  9:45  Marine x2  
  84  9:46  Medivac  
  86  9:53  Marine x2  
  86  9:54  Barracks Tech Lab  
  86  9:55  Marauder  
  89  10:01  Supply Depot, Refinery  
  89  10:02  Marine, Refinery  
  89  10:03  Armory  
  90  10:09  Barracks  
  90  10:10  Marine x3, Barracks  
  90  10:11  Siege Tank, Barracks  
  90  10:13  Combat Shield  
  96  10:15  Marauder  
  96  10:16  Marine  
  96  10:18  Marine x2  
  96  10:20  Medivac x2  
  105  10:21  SCV  
  105  10:22  SCV x2  
  108  10:30  Supply Depot  
  108  10:32  Supply Depot, Marine x2  
  108  10:33  Marine x2  
  108  10:35  Marauder  
  114  10:37  Marauder  
  114  10:40  Marine x2  
  114  10:42  SCV x3  
  118  10:50  Marine x2  
  118  10:52  Terran Infantry Weapons Level 2  
  118  10:53  Terran Infantry Armor Level 2  
  118  10:54  SCV  
  118  10:56  Marauder  
  123  10:58  Marauder  
  123  10:59  Command Center  
  120  11:04  SCV x2  
  120  11:08  Barracks Tech Lab  
  120  11:09  Marine x2, Barracks Tech Lab x2  
  120  11:13  Marine x3  
  120  11:17  Marauder  
  123  11:20  Marauder  
  123  11:24  Marine  
  110  11:27  SCV x2, Marine  
  110  11:28  Marauder x2  
  110  11:29  Marine  
  110  11:32  Marine x2  
  116  11:46  Marauder  
  116  11:47  Marauder x2  
  122  11:50  Marauder x2  
  122  11:53  Medivac x2  
  130  12:03  Supply Depot  
  130  12:06  Supply Depot  
  130  12:07  Supply Depot  
  130  12:09  Concussive Shells  
  130  12:13  Marauder x2  
  130  12:14  Marauder  
  136  12:17  Planetary Fortress  
  136  12:20  Marine  
  136  12:21  Marine x7  
  143  12:31  Medivac  
  143  12:32  Medivac  
  143  12:33  Siege Tank  
  143  12:34  SCV x3  
  152  12:46  SCV, Supply Depot  
  152  12:48  SCV x2, Supply Depot  
  152  12:50  Marauder x2  
  152  12:51  Marauder x2, Supply Depot  
  163  12:58  Marine x4  
  163  12:59  Marine x2  
  169  13:09  Siege Tank  
  169  13:12  Medivac x2  
  176  13:24  Marauder, Marine  
Tags
 
Add a new tag
Caveats
  • Supply blocks, unpowered buildings, or Contaminate may cause inaccurate times.
  • Supply counts are checked every 10 seconds.